 Dungeon Crawl Stone Soup version 0.23.2-1-ga50397a (webtiles) character file.

Game seed: 11957653239671929408

12390 Fang the Fighter (level 11, -8/109 HPs)
             Began as a Gargoyle Berserker on May 7, 2019.
             Was a High Priest of Trog.
             Killed from afar by a war gargoyle (45 damage)
             ... with a spray of metal splinters
             ... on level 11 of the Dungeon.
             The game lasted 00:12:34 (8279 turns).

Fang the Fighter (Gargoyle Berserker)               Turns: 8279, Time: 00:12:34

Health: -8/109     AC: 23    Str: 30    XL:     11   Next: 92%
Magic:  11/11      EV: 13    Int:  7    God:    Trog [*****.]
Gold:   670        SH:  0    Dex:  9    Spells: 10/10 levels left

rFire    . . .     SeeInvis .   a - +3 war axe
rCold    . . .     Gourm    .   (no shield)
rNeg     + . .     Faith    .   b - +1 plate armour
rPois    ∞         Spirit   .   (no helmet)
rElec    +         Reflect  .   (no cloak)
rCorr    .         Harm     .   (no gloves)
MR       ++...                  (no boots)
Stlth    ..........             B - amulet of regeneration
HPRegen  1.68/turn              n - ring of stealth
MPRegen  0.12/turn              s - +2 ring of evasion

@: berserking, starving, regenerating, very quick
A: negative energy resistance 1, electricity resistance, unbreathing,
petrification resistance, rot immunity, AC +8
a: Berserk, Trog's Hand, Brothers in Arms, Renounce Religion


You were on level 11 of the Dungeon.
You worshipped Trog.
Trog was extremely pleased with you.
You were starving.

You visited 2 branches of the dungeon, and saw 12 of its levels.
You also visited: Ossuary.

You collected 670 gold pieces.

Inventory:

Hand Weapons
 a - a +3 war axe (weapon)
 t - a +2 hand axe of electrocution
Armour
 b - a +1 plate armour (worn)
Jewellery
 n - a ring of stealth (left hand)
 p - an uncursed amulet of guardian spirit
 s - a +2 ring of evasion (right hand)
 B - an amulet of regeneration (around neck)
Wands
 e - a wand of paralysis (11)
 i - a wand of digging (13)
 v - a wand of clouds (5)
 x - a wand of random effects (23)
 E - a wand of acid (13)
Scrolls
 f - a scroll of holy word
 g - 2 scrolls of blinking
 k - 6 scrolls of teleportation
 l - 3 scrolls of remove curse
 o - a scroll of fear
 z - a scroll of fog
 D - a scroll of enchant armour
Potions
 d - 2 potions of flight
 h - 2 potions of might
 j - 3 potions of curing
 m - 2 potions of resistance
 q - 4 potions of agility
 r - 3 potions of mutation
 u - 2 potions of heal wounds
 w - 2 potions of haste
 A - a potion of cancellation
 C - a potion of brilliance {unknown}
Comestibles
 c - 10 rations


   Skills:
 + Level 10.8 Fighting
 + Level 9.1 Axes
 + Level 10.5 Armour
 + Level 8.1 Dodging


You had 10 spell levels left.
You didn't know any spells.
Your spell library was empty.

Dungeon Overview and Level Annotations

Branches:
Dungeon (11/15)            Temple (1/1) D:4            Lair (0/6) D:8
    Orc (0/2) D:10

Altars:
Ashenzari
Dithmenos
Elyvilon
Fedhas
Gozag
Kikubaaqudgha
Makhleb
Nemelex Xobeh
Okawaru
Qazlal
Ru
Sif Muna
Uskayaw
Xom
Yredelemnul

Shops:
D:4 *   D:5 (   D:7 }   D:11 [

Annotations:
D:10 1 runed translucent door, Morgon's ghost, journeyman DrCj


Innate Abilities, Weirdness & Mutations

You are resistant to torment.
Your stone body is resilient. (AC +8)
You are immune to poison.
You resist negative energy. (rN+)
You are resistant to electric shocks. (rElec)
You can survive without breathing.
You are immune to petrification.
You are immune to rotting.


Message History

There isn't anything to butcher here.
Okay, then.
Eat a chunk of flesh? (ye/n/q) Eat one of 6 chunks of flesh? (ye/n/q)
You eat one of the 6 chunks of flesh.
This raw flesh tastes terrible.
You are feeling hungry.
The war gargoyle completely misses you.
The war gargoyle launches metal splinters at you.
The spray of metal splinters misses you.
Okay, then.
Your skin crawls.
You feel resistant to hostile enchantments.
You are feeling very hungry.
The war gargoyle hits you with a +0 morningstar.
A red film seems to cover your vision as you go berserk!
You feel yourself moving faster!
You feel mighty!
You are starving!
The war gargoyle launches metal splinters at you.
The spray of metal splinters hits you!!!
You die...

.#.....# #..# ≈≈≈ #..
.#.....# +..#
≈≈8##''##
.####..####..#
≈≈≈.8..8. .#
#..#.....# #≈≈≈....≈
.# #..#.....#
..≈≈≈>.≈≈ .#
#..#.....# #..≈≈≈≈≈≈
.#
#..#..#..####...≈≈≈≈.
.#
#..#'##..†.......#...
.#
#.....#.....@9.......
.#
+.....####..#%.......
.# #..####
#..#....#### .# #..#
.........# .# #..#
........:.+ .# #..#
#..#..###### .# #..#
....#..# .# #..#
...)#..+ .# ##


You could see a war gargoyle.

Vanquished Creatures
  Harold (D:9)
  A death yak (D:8)
  2 two-headed ogres
  Urug (D:10)
  An unseen horror (D:10)
  Joseph (D:9)
  2 hippogriffs
  Sigmund (D:6)
  A spriggan (D:11)
  A water elemental (D:11)
  22 yaks
  A wyvern (D:11)
  A hungry ghost (D:7)
  Grum (D:8)
  Edmund (D:6)
  5 orc warriors
  2 sky beasts
  A phantom (D:6)
  2 ice beasts
  2 ogres
  An eye of draining (D:11)
  2 wolves (D:8)
  5 centaurs
  A crocodile (D:10)
  A bullfrog (D:9)
  A scorpion (D:7)
  6 howler monkeys
  3 electric eels
  3 crimson imps
  9 centaur zombies
  2 jellies
  5 orc priests
  A gnoll shaman (D:6)
  5 hounds
  2 centaur skeletons
  A bullfrog skeleton (D:3)
  2 iguanas
  5 worker ants
  3 orc wizards
  A killer bee zombie (D:7)
  2 big kobold zombies (Ossuary)
  A hound skeleton (D:5)
  6 mummies (Ossuary)
  A worker ant zombie (D:11)
  15 gnolls
  15 adders
  3 shadow imps
  3 oozes
  An adder zombie (D:5)
  5 dart slugs
  5 leopard geckos
  33 orcs
  6 giant cockroaches
  11 goblins
  6 hobgoblins
  7 jackals
  9 kobolds
  A quokka (D:3)
  10 bats
  4 frilled lizards
  2 hobgoblin zombies (Ossuary)
  6 rats
261 creatures vanquished.

Vanquished Creatures (others)
  An adder (D:8)
1 creature vanquished.

Grand Total: 262 creatures vanquished

Notes
Turn   | Place    | Note
-------+----------+-------------------------------------------
     0 | D:1      | Fang the Gargoyle Berserker began the quest for the Orb.
     0 | D:1      | Reached XP level 1. HP: 14/14 MP: 1/1
    33 | D:1      | Reached XP level 2. HP: 12/19 MP: 2/2
   308 | D:1      | Reached XP level 3. HP: 23/23 MP: 3/3
   394 | D:1      | Reached ** piety under Trog
  1055 | D:2      | Reached XP level 4. HP: 20/29 MP: 4/4
  1774 | D:3      | Reached XP level 5. HP: 12/33 MP: 5/5
  2018 | D:3      | Reached *** piety under Trog
  2150 | D:3      | Found a shattered altar of Ashenzari.
  2203 | D:3      | Reached XP level 6. HP: 25/39 MP: 6/6
  2711 | D:4      | Found a staircase to the Ecumenical Temple.
  2718 | Temple   | Entered the Ecumenical Temple
  2860 | D:4      | Found Mistrag's Lightly-Used Armoury.
  2866 | D:4      | Reached skill level 5 in Fighting
  2908 | D:4      | Reached XP level 7. HP: 44/44 MP: 7/7
  3111 | D:5      | Entered Level 5 of the Dungeon
  3256 | D:5      | Reached **** piety under Trog
  3278 | D:5      | Reached skill level 5 in Armour
  3396 | D:5      | Found Tikhlyl's Antique Weapon Shoppe.
  3456 | D:5      | Found an ancient bone altar of Kikubaaqudgha.
  3489 | D:5      | Found a basalt altar of Yredelemnul.
  3737 | D:6      | Reached XP level 8. HP: 51/51 MP: 6/8
  3789 | D:6      | Reached skill level 5 in Axes
  3915 | D:6      | Found a sand-covered staircase.
  3916 | D:6      | Noticed Sigmund
  3957 | D:6      | Noticed Edmund
  3985 | D:6      | Killed Edmund
  4019 | D:6      | Killed Sigmund
  4031 | Ossuary  | Entered an ossuary
  4051 | Ossuary  | Reached XP level 9. HP: 38/56 MP: 3/9
  4062 | Ossuary  | Reached skill level 5 in Dodging
  4737 | D:7      | Reached ***** piety under Trog
  5032 | D:7      | Found Dighof's Gadget Boutique.
  5087 | D:7      | Found a deep blue altar of Sif Muna.
  5088 | D:7      | Found a burning altar of Makhleb.
  5168 | D:7      | Found a blossoming altar of Fedhas.
  5228 | D:7      | Found a sparkling altar of Nemelex Xobeh.
  5317 | D:8      | Found a shadowy altar of Dithmenos.
  5317 | D:8      | Found a white marble altar of Elyvilon.
  5317 | D:8      | Found a hide-covered altar of Uskayaw.
  5317 | D:8      | Found an iron altar of Okawaru.
  5536 | D:8      | Noticed a death yak
  5542 | D:8      | Reached XP level 10. HP: 52/64 MP: 7/10
  5555 | D:8      | Killed a death yak
  5692 | D:8      | Found an opulent altar of Gozag.
  5706 | D:8      | Noticed Grum
  5722 | D:8      | Killed Grum
  5906 | D:8      | Found a sacrificial altar of Ru.
  5941 | D:8      | Found a staircase to the Lair.
  6054 | D:8      | Noticed a two-headed ogre
  6062 | D:8      | Killed a two-headed ogre
  6062 | D:8      | Reached XP level 11. HP: 72/72 MP: 9/11
  6406 | D:9      | Noticed Joseph
  6444 | D:9      | Killed Joseph
  6597 | D:9      | Noticed Harold
  6610 | D:9      | Killed Harold
  6610 | D:9      | Reached skill level 10 in Fighting
  6700 | D:9      | Noticed a two-headed ogre
  6710 | D:9      | Killed a two-headed ogre
  6905 | D:9      | Found a stormy altar of Qazlal.
  7119 | D:10     | Entered Level 10 of the Dungeon
  7135 | D:10     | Killed an unseen horror
  7193 | D:10     | Reached skill level 10 in Armour
  7245 | D:10     | Found a staircase to the Orcish Mines.
  7304 | D:10     | Found a runed translucent door.
  7304 | D:10     | Found a shimmering altar of Xom.
  7304 | D:10     | Noticed Morgon's ghost (journeyman DrCj)
  7304 | D:10     | Noticed a +2 flail of chaos
  7368 | D:10     | Noticed Urug
  7383 | D:10     | Killed Urug
  7902 | D:11     | Found Eshul's Antique Armour Shop.
  7991 | D:11     | Noticed a war gargoyle
  8279 | D:11     | Killed from afar by a war gargoyle

Skill      XL: |  1  2  3  4  5  6  7  8  9 10 11 |
---------------+----------------------------------+-----
Axes           | 3 4 5 6 8 9 |  9.1
Dodging        | 2 3 4 5 7 8 |  8.1
Armour         | 3 4 5 6 7 9 10 | 10.5
Fighting       | 4 5 6 8 9 10 | 10.8

Action                   |  1- 3 |  4- 6 |  7- 9 | 10-12 || total
-------------------------+-------+-------+-------+-------++-------
Melee: Hand axe          |   107 |   160 |       |       ||   267
       War axe           |       |    42 |   418 |   325 ||   785
Invok: Berserk           |     1 |     3 |     6 |     7 ||    17
       Trog's Hand       |       |       |     2 |     2 ||     4
  Use: Scroll            |       |     3 |    14 |     6 ||    23
       Potion            |       |       |     1 |     1 ||     2
 Stab: Sleeping          |     1 |     1 |       |       ||     2
  Eat: Chunk             |     1 |    10 |    12 |    14 ||    37
       Ration            |       |       |     2 |       ||     2
Armor: Animal skin       |    31 |    71 |       |       ||   102
       Plate armour      |       |    28 |   417 |   258 ||   703
Dodge: Dodged            |    83 |   151 |   244 |   230 ||   708
